 Dungeon Crawl Stone Soup version 0.31-a0-844-gdc52ec4e09 (webtiles) character file.

Game seed: 7379984555350421018

678 scionoferis the Cleaver (level 7, 0/63 HPs)
             Began as a Hill Orc Monk on Sept 30, 2023.
             Was a Believer of Beogh.
             Slain by a gnoll
             ... wielding a +0 spear
             ... led by a gnoll bouda
              (7 damage)
             ... on level 5 of the Dungeon.
             The game lasted 00:11:36 (4495 turns).

scionoferis the Cleaver (Hill Orc Monk)             Turns: 4495, Time: 00:11:36

Health: 0/63       AC: -14   Str: 16    XL:     7   Next: 60%
Magic:  9/9        EV: 12    Int: 10    God:    Beogh [**....]
Gold:   62         SH:  0    Dex: 13    Spells: 6/6 levels left

rFire   . . .        a - +0 hand axe
rCold   + . .        d - orb {light}
rNeg    + . .        g - +2 robe {rN+}
rPois   .            (no helmet)
rElec   .            (no cloak)
rCorr   .            (no gloves)
SInv    .            p - +0 pair of boots
Will    +....        h - amulet of regeneration
Stlth   +            t - ring of willpower
HPRegen 1.10/turn    j - ring of protection from cold
MPRegen 0.11/turn

%: no passive effects
@: corroded, glowing
A: no striking features
a: Renounce Religion, Smiting


You were on level 5 of the Dungeon.
You worshipped Beogh.
Beogh was pleased with you.
You visited 1 branch of the dungeon, and saw 5 of its levels.

You collected 188 gold pieces.
You spent 126 gold pieces at shops.


   Skills:
 + Level 6.1 Fighting
 * Level 8.7 Axes
 + Level 1.0 Armour
 + Level 2.6 Dodging
 * Level 3.6 Invocations


You had 6 spell levels left.
You didn't know any spells.
Your spell library contained the following spells:

 Spells                   Type           Power      Damage    Failure   Level
 Cigotuvi's Dreadful Rot  Necr/Pois/Air  0%         N/A       50%         2
 Poisonous Vapours        Pois/Air       0%         N/A       50%         2
 Mephitic Cloud           Conj/Pois/Air  0%         N/A       75%         3
 Dispel Undead            Necr           0%         3d6       98%         4
 Flame Wave               Conj/Fire      0%         2d4       98%         4
 Fireball                 Conj/Fire      0%         3d3       100%        5
 Freezing Cloud           Conj/Ice/Air   0%         6-21      100%        5
 Death Channel            Necr           0%         N/A       100%        6
 Starburst                Conj/Fire      0%         6d3       100%        6

Inventory:

Hand Weapons
 a - a +0 hand axe (weapon)
Missiles
 f - 2 javelins
 q - 2 poisoned darts (quivered)
Armour
 d - an orb of light (worn)
 g - a +2 robe of positive energy (worn)
   (You took it off Sigmund on level 2 of the Dungeon)
 l - a +0 leather armour of cold resistance
   (You found it on level 2 of the Dungeon)
 p - a +0 pair of boots (worn)
   (You found it on level 4 of the Dungeon)
Jewellery
 e - a ring of positive energy
   (You found it on level 4 of the Dungeon)
 h - an amulet of regeneration (around neck)
   (You found it on level 5 of the Dungeon)
 j - a ring of protection from cold (right hand)
   (You found it on level 3 of the Dungeon)
 t - a ring of willpower (left hand)
   (You found it on level 5 of the Dungeon)
Scrolls
 b - a scroll of blinking
 i - 2 scrolls of enchant weapon
 k - a scroll of immolation
 m - a scroll of amnesia
 n - 2 scrolls of noise
 o - a scroll of poison
 r - a scroll of enchant armour
 s - a scroll of teleportation

Dungeon Overview and Level Annotations

Branches:
Dungeon (5/15)
 Temple: D:4-7

Altars:
Ashenzari

Shops:
D:4 ?

Annotations:
D:2 1 runed translucent door, Crazy Yiuf

.♣.♣.......♣.♣.## #..# #.# #.#
......♣.♣....§§§###..##.#.# #.#
≈...≈.§§..≈§.§≈§.......# #.###.##
..♣...§≈....♣§.§.##...## #).....
≈...§.....≈...≈..###.## ##.###.
......♣.♣........# #..## ##..# #.
.♣.♣....gg.♣.♣.#.# #.#.###.#.###.
....§≈...≈.....#.# #.##.#.##.....
..≈....♣...†≈.g.@###...........##
.....§...≈..g............#######
.♣.♣.......♣.♣...###..##.#
......♣.♣........###......
≈...≈.....≈...§..........##
..♣....≈§...♣......##.#...###.#
≈...≈.....≈.....##............#
..#...♣.♣§..##.#.#.#.#.#.#.#.#
#.###........#.......J.......


You could see a gnoll bouda and 2 gnolls.


Message History

Found a sling.
No target in view!
You see here a +0 sling.
Found a stone staircase leading down.
Found a robe.
There is a stone staircase leading down here.
You open the large door.
There is a large open door here.
There is a large open door here.
An adder comes into view.
The adder hisses angrily.
You hit the adder.
The adder is lightly wounded.
The adder closely misses you.
You hit the adder.
The adder is moderately wounded.
The adder bites you.
You are poisoned.
The adder poisons you!
You hit the adder.
The adder is heavily wounded.
You feel sick. The adder bites you but does no damage.
You hit the adder.
The adder is severely wounded.
You feel sick. The adder closely misses you.
You hit the adder.
You kill the adder!
You feel sick.
No target in view!
You feel sick.
You are no longer poisoned.
You see here an adder corpse.
You see here an adder corpse.
e - 2 scrolls of identify (gained 1)
Items here: ( ) ††.
An adder comes into view.
The adder hisses angrily.
A bat comes into view.
The bat moves out of view.
An adder is nearby!
A kobold comes into view. It is wielding a +0 whip.
The adder barely misses you.
You barely miss the adder. The adder closely misses you.
You hit the adder.
The adder is lightly wounded.
The adder bites you but does no damage.
You hit the adder.
The adder is severely wounded.
You hit the bat.
You kill the bat!
The adder bites you but does no damage. x2
You closely miss the adder.
The adder is severely wounded.
The adder closely misses you.
You barely miss the adder.
The adder is severely wounded.
You barely miss the kobold. The adder barely misses you.
The kobold closely misses you.
You hit the adder.
You kill the adder!
You hit the kobold. The kobold barely misses you.
You hit the kobold.
You kill the kobold!
No target in view!
No target in view!
You see here a +0 whip.
You see here an adder corpse.
A rat comes into view.
The rat barely misses you.
You hit the rat.
The rat is heavily wounded.
The rat bites you.
You hit the rat.
You kill the rat!
No target in view!
Found 4 stones.
Found an escape hatch in the ceiling and an escape hatch in the floor.
Found a stone staircase leading up.
n - a scroll labelled HEDUQ CUOL
There is an escape hatch in the ceiling here. 2 orcs come into view.
The orc shouts!
The orc moves out of view.
An orc comes into view. It is wielding a +0 flail.
You swing at nothing.
You swing at nothing.
You swing at nothing.
You hit the orc but do no damage. The orc hits you with a +0 short sword.
You hit the orc.
The orc is severely wounded.
You hit the orc.
The orc is heavily wounded.
You hit the orc.
The orc is almost dead.
The orc hits you with a +0 flail.
You slash the orc!
You kill the orc!
You hit the orc.
The orc is almost dead.
The orc hits you with a +0 dagger.
You completely miss the orc.
The orc is almost dead.
The orc completely misses you.
You hit the orc.
You kill the orc!
You barely miss the orc.
The orc is heavily wounded.
The orc hits you with a +0 short sword.
You hit the orc.
You kill the orc!
You swing at nothing.
Items here: ))) [ †.
You see here a +0 whip.
Found a robe.
Found a stone staircase leading up.
Found a stone staircase leading down.
Found 6 stones.
There is a stone staircase leading up here.
There is a stone staircase leading up here.
Found a long sword.
You see here a +0 long sword.
Found a scale mail.
You see here a +0 scale mail.
Found a stone staircase leading down.
You see here a +0 mace.
Done exploring.
Done exploring.
Search for what [Enter for "d:", or ? for help]? d: Unknown command.
There is a stone staircase leading down here.
You start removing your armour.
You continue taking off your +2 robe of positive energy. x4
You finish taking off your +2 robe of positive energy.
You feel less protected from negative energy.
You start putting on your armour.
You continue putting on your +0 chain mail. x5
You finish putting on your +0 chain mail.
You start removing your armour.
You continue taking off your +0 chain mail. x4
You finish taking off your +0 chain mail.
You start putting on your armour.
You continue putting on your +2 robe of positive energy. x5
You finish putting on your +2 robe of positive energy.
You feel more protected from negative energy.
As you read the scroll of identify, it crumbles to dust.
n - a scroll of noise You climb downwards.
Found 6 stones and a book of Vapours.
Found a stone staircase leading down.
There is a stone staircase leading up here.
You pick up a book of Vapours and begin reading...
You add the spells Poisonous Vapours and Freezing Cloud to your library.
o - a scroll labelled KEORHO XYCOABO
As you read the scroll of identify, it crumbles to dust.
o - a scroll of poison
There is a stone staircase leading down here.
You see here a staff of earth.
Found a scale mail.
A gnoll comes into view. It is wielding a +0 club.
The gnoll shouts!
The gnoll throws a stone.
The stone closely misses you.
You swing at nothing.
You swing at nothing.
You swing at nothing.
You swing at nothing.
You swing at nothing.
You swing at nothing.
You swing at nothing.
You barely miss the gnoll. The gnoll misses you.
You hit the gnoll.
The gnoll is moderately wounded.
The gnoll misses you.
You hit the gnoll but do no damage.
The gnoll is moderately wounded.
The gnoll hits you with a +0 club.
You hit the gnoll.
The gnoll is moderately wounded.
The gnoll hits you but does no damage.
You slash the gnoll!
The gnoll is almost dead.
The gnoll hits you with a +0 club.
You hit the gnoll.
You kill the gnoll!
You swing at nothing.
HP restored.
A quokka comes into view.
You swing at nothing.
You completely miss the quokka. The quokka barely misses you.
You hit the quokka.
The quokka is heavily wounded.
The quokka bites you but does no damage.
You hit the quokka.
The quokka is almost dead.
The quokka barely misses you.
You barely miss the quokka.
The quokka is almost dead.
The quokka completely misses you.
You closely miss the quokka.
The quokka is almost dead.
The quokka bites you but does no damage.
You hit the quokka.
You kill the quokka!
You swing at nothing.
A goblin comes into view. It is wielding a +0 club.
The goblin shouts!
You hear an angry hiss.
The goblin hits you with a +0 club.
You slash the goblin!
You kill the goblin!
No target in view!
An iguana comes into view.
The iguana closely misses you.
You hit the iguana.
The iguana is moderately wounded.
The iguana misses you.
You hit the iguana.
The iguana is severely wounded.
The iguana bites you!
You slash the iguana!
You kill the iguana!
No target in view!
You see here a +0 club.
An endoplasm comes into view.
The endoplasm quivers.
You swing at nothing.
You swing at nothing.
You swing at nothing.
You hit the endoplasm.
The endoplasm is moderately wounded.
The endoplasm hits you.
You hit the endoplasm.
The endoplasm is heavily wounded.
The endoplasm closely misses you.
You hit the endoplasm.
The endoplasm is severely wounded.
The endoplasm hits you but does no damage.
You hit the endoplasm.
You kill the endoplasm!
You open the door.
There is an open door here.
You open the door.
There is an open door here.
You open the door.
Found a great sword.
There is an open door here.
You open the door.
There is an open door here.
You open the door.
Found a stone staircase leading down.
There is an open door here.
An orc priest comes into view. It is wielding a +0 hand axe.
The orc priest shouts, "Beogh is our master!
Accept the truth or die!" (press Y on the ability menu to convert to Beogh)
The orc priest shouts!
You hear a shout! x2
An orc comes into view. It is wielding a +0 dagger.
An orc comes into view. It is wielding a +0 club.
You bow before the missionary of Beogh.
Beogh welcomes you!
You can now smite your foes.
With a roar of approval, the orcs welcome you as one of their own, and spare your life.
The orc priest hits something with a +0 hand axe.
Something hits the orc priest.
An orc comes into view. It is wielding a +0 dagger.
A kobold comes into view. It is wielding a +0 dagger.
Unknown command.
The kobold shouts!
The orc priest barely misses the orc.
The orc misses you.
The orc hits the kobold but does no damage.
The kobold throws a stone.
The stone hits the orc priest but does no damage.
You hit the orc.
The orc is heavily wounded.
A quokka comes into view.
The orc priest invokes the aid of Beogh against the orc.
The orc is smitten.
The orc dies!
The orc barely misses the kobold.
The kobold throws a stone.
The stone barely misses you.
You see here a +0 dagger.
You slash the quokka!
You kill the quokka!
Beogh accepts your kill.
The kobold throws a stone.
The stone hits you.
The kobold throws a stone.
The stone hits you but does no damage.
The orc closely misses the kobold.
The kobold hits you with a +0 dagger.
You barely miss the kobold. You hit the kobold.
You kill the kobold!
Beogh accepts your kill.
No target in view!
Things that are here:
a +0 dagger; 5 stones; a kobold corpse You now have 167 gold pieces (gained 6).
You open the door.
Found a giant club, a beast talisman and a pair of boots.
Found a blackened peridot ring.
There is an open door here.
e - a ring of positive energy
There are no items here.
e - a ring of positive energy (left hand)
You see here a +0 pair of boots.
p - a +0 pair of boots You start putting on your armour.
You continue putting on your +0 pair of boots. x4
You finish putting on your +0 pair of boots.
Unknown command.
Found an escape hatch in the ceiling.
A gnoll comes into view. It is wielding a +0 whip.
The gnoll shouts!
A gnoll comes into view. It is wielding a +0 whip. x2
The gnoll shouts!
An adder comes into view.
Throw: 2 darts (poison)
Press: ? - help, Q - select action, (/) - cycle Shift-Dir - straight line, f - adder
Aim: an adder (haloed, 56% to hit)
You throw a poisoned dart.
The poisoned dart closely misses the adder.
Unknown command.
Throw: dart (poison)
Press: ? - help, Q - select action, (/) - cycle Shift-Dir - straight line, f/p - adder
Aim: an adder (haloed, 56% to hit)
You throw a poisoned dart. The poisoned dart hits the adder.
The adder is poisoned.
The adder bites you but does no damage.
You hit the adder.
The adder is heavily wounded.
The adder bites you but does no damage.
You slash the adder!
You kill the adder!
Beogh accepts your kill.
You hit the gnoll.
The gnoll is lightly wounded.
The gnoll closely misses you.
You hit the gnoll.
The gnoll is heavily wounded.
You hit the gnoll but do no damage.
The gnoll is heavily wounded.
The gnoll hits you with a +0 whip.
You hit the gnoll but do no damage.
The gnoll is heavily wounded.
You hit the gnoll but do no damage. The gnoll hits you with a +0 whip.
The gnoll closely misses you.
Unknown command.
You hit the gnoll.
The gnoll is almost dead.
You hit the gnoll. The gnoll barely misses you.
The gnoll hits you with a +0 whip.
You hit the gnoll but do no damage.
The gnoll is almost dead.
You hit the gnoll. The gnoll closely misses you.
The gnoll hits you but does no damage.
You hit the gnoll.
You kill the gnoll!
Beogh accepts your kill.
You hit the gnoll. The gnoll hits you with a +0 whip.
You hit the gnoll.
You kill the gnoll!
Beogh accepts your kill.
Your Invocations skill increases to level 1!
Things that are here:
a +0 whip; a +0 ring mail
Things that are here:
a +0 whip; a gnoll corpse You hit the gnoll.
The gnoll is moderately wounded.
The gnoll hits you but does no damage.
You hit the gnoll.
The gnoll is severely wounded.
The gnoll closely misses you.
You slash the gnoll!
You kill the gnoll!
Beogh accepts your kill.
Items here: )) [ †.
Things that are here:
a +0 whip; a gnoll corpse
Items here: )) [ †.
f - a +0 ring mail You see here an adder corpse.
q - a poisoned dart A goblin comes into view.
It is wielding a +0 dagger.
The goblin shouts!
A ball python comes into view.
An adder comes into view.
The adder hisses angrily.
You swing at nothing.
You slash the ball python!
You kill the ball python!
Beogh accepts your kill.
You swing at nothing.
You swing at nothing.
You hit the adder but do no damage. The adder bites you but does no damage.
You hit the adder.
The adder is moderately wounded.
The adder closely misses you. The adder bites you but does no damage.
You closely miss the adder.
The adder is moderately wounded.
The adder closely misses you.
You hit the adder.
The adder is severely wounded.
The adder misses you.
You barely miss the adder.
The adder is severely wounded.
The adder bites you but does no damage.
You hit the adder.
You kill the adder!
Beogh accepts your kill.
You barely miss the goblin. The goblin hits you but does no damage.
You hit the goblin but do no damage. The goblin barely misses you.
You hit the goblin.
The goblin is moderately wounded.
The goblin hits you but does no damage.
You closely miss the goblin.
The goblin is moderately wounded.
The goblin hits you but does no damage.
You hit the goblin but do no damage.
The goblin is moderately wounded.
The goblin barely misses you.
You hit the goblin.
The goblin is severely wounded.
The goblin barely misses you.
You closely miss the goblin.
The goblin is severely wounded.
The goblin hits you with a +0 dagger.
You hit the goblin.
You kill the goblin!
Beogh accepts your kill.
Things that are here:
a +0 dagger; a goblin corpse; an adder corpse
Things that are here:
a +0 whip; a +0 whip; a gnoll corpse You see here an adder corpse.
q - 2 poisoned darts (gained 1)
A sky beast comes into view.
Unknown command.
The sky beast flickers out of sight!
Deactivating autopickup; reactivate with Ctrl-A.
Things that are here:
a +0 dagger; a goblin corpse; an adder corpse You see here a +0 scale mail.
Things that are here:
a +0 club; 7 stones; a gnoll skeleton Throw: 2 darts (poison)
Press: ? - help, Q - select action, (/) - cycle Shift-Dir - straight line, f - sky beast
Aim: a sky beast (43% to hit)
You throw a poisoned dart.
The poisoned dart closely misses the sky beast.
Throw: dart (poison)
Press: ? - help, Q - select action, (/) - cycle Shift-Dir - straight line, f/p - sky beast
Aim: a sky beast (43% to hit)
You throw a poisoned dart.
The poisoned dart barely misses the sky beast.
Unknown command.
Press: ? - help, v - describe, . - travel
Here: a sky beast The floor.
You are a level 6 Hill Orc Monk.
You are 59% of the way to level 7.
Play time: 00:07:24 (3244 turns).
Zot will find you in 20761 turns if you stay in this branch and explore no new floors.
Okay, then.
Char dumped successfully.
You are illuminated by a small divine halo.
You are glowing.
Your movement speed is average.
Your attack delay is about 0.9.
Your damage rating with your +0 hand axe is about 10 (Base 7 x 115% (Str) x 126% (Skill)).
Unknown command.
Unknown command.
There is an open door here.
The sky beast flickers out of sight!
There is an open door here.
There is an open door here.
A sky beast appears from thin air!
Reactivating autopickup.
You see here 2 poisoned darts.
q - 2 poisoned darts The sky beast flickers out of sight!
Deactivating autopickup; reactivate with Ctrl-A.
Things that are here:
a +0 club; 7 stones Throw: 2 darts (poison)
Press: ? - help, Q - select action, (/) - cycle Shift-Dir - straight line, f/p - sky beast
Aim: a sky beast (slightly transparent, haloed, 64% to hit)
You throw a poisoned dart. The poisoned dart hits the sky beast.
Unknown command.
You swing at nothing.
You swing at nothing.
You hit the sky beast.
The sky beast is lightly wounded.
The sky beast hits you but does no damage.
You barely miss the sky beast.
The sky beast is lightly wounded.
The sky beast hits you but does no damage.
You barely miss the sky beast.
The sky beast is lightly wounded.
The sky beast hits you. The sky beast shocks you.
You hit the sky beast.
The sky beast is moderately wounded.
The sky beast barely misses you.
You slash the sky beast!
The sky beast is heavily wounded.
The sky beast hits you. The sky beast shocks you.
You barely miss the sky beast.
The sky beast is heavily wounded.
The sky beast completely misses you.
You hit the sky beast but do no damage.
The sky beast is heavily wounded.
The sky beast hits you. The sky beast shocks you.
You slash the sky beast!
The sky beast is severely wounded.
You hit the sky beast.
The sky beast is almost dead.
The sky beast hits you but does no damage.
You barely miss the sky beast.
The sky beast is almost dead.
The sky beast hits you but does no damage.
You hit the sky beast but do no damage.
The sky beast is almost dead.
The sky beast hits you. The sky beast shocks you.
You hit the sky beast.
The sky beast is almost dead.
The sky beast hits you. The sky beast shocks you.
You barely miss the sky beast.
The sky beast is almost dead.
The sky beast hits you. The sky beast shocks you.
* * * LOW HITPOINT WARNING * * *
You hit the sky beast.
You kill the sky beast!
Beogh accepts your kill.
Reactivating autopickup.
Your Axes skill increases to level 8!
Your Invocations skill increases to level 2!
You have reached level 7!
Magic restored.
Things that are here:
a +0 club; 7 stones
q - 2 poisoned darts (gained 1)
Things that are here:
a +0 club; 7 stones
There is a stone staircase leading down here.
You see here a +0 scale mail.
An orc priest comes into view. It is wielding a +0 flail.
Unknown command.
The orc priest shouts!
You start waiting.
An orc priest is nearby!
The orc priest hits you with a +0 flail.
You hit the orc priest but do no damage.
The orc priest is moderately wounded.
The orc priest closely misses you.
You hit the orc priest but do no damage.
The orc priest is moderately wounded.
The orc priest hits you with a +0 flail.
You hit the orc priest but do no damage.
The orc priest is moderately wounded.
The orc priest closely misses you.
You hit the orc priest but do no damage.
The orc priest is moderately wounded.
The orc priest hits you but does no damage.
You hit the orc priest.
The orc priest is heavily wounded.
The orc priest hits you but does no damage.
You hit the orc priest.
The orc priest is severely wounded.
The orc priest hits you with a +0 flail.
You hit the orc priest.
The orc priest is almost dead.
The orc priest hits you with a +0 flail.
You hit the orc priest.
You kill the orc priest!
Beogh accepts your kill.
Beogh appreciates your killing of a heretic priest.
No target in view!
HP restored.
Things that are here:
a +0 dagger; a goblin skeleton; an adder skeleton
Found Gouw's Magic Scroll Shop.
Found a stone staircase leading down.
There is an entrance to Gouw's Magic Scroll Shop here.
r - a scroll of enchant armour;
s - a scroll of teleportation Thank you for shopping at Gouw's Magic Scroll Shop!
There is a stone staircase leading down here.
A hobgoblin comes into view.
The hobgoblin shouts!
The hobgoblin completely misses you.
You slash the hobgoblin!
You kill the hobgoblin!
Beogh accepts your kill.
No target in view!
Found a club.
An orc priest comes into view. It is wielding a +0 quarterstaff.
The orc priest moves out of view.
The orc priest invokes the aid of Beogh against you.
Beogh smites you!
You completely miss the orc priest. The orc priest misses you.
You hit the orc priest.
The orc priest is moderately wounded.
The orc priest hits you with a +0 quarterstaff.
You hit the orc priest.
The orc priest is moderately wounded.
The orc priest barely misses you.
You completely miss the orc priest.
The orc priest is moderately wounded.
The orc priest hits you but does no damage.
You hit the orc priest.
The orc priest is severely wounded.
The orc priest closely misses you.
You hit the orc priest.
The orc priest is almost dead.
You slash the orc priest!
You kill the orc priest!
Beogh accepts your kill.
Beogh appreciates your killing of a heretic priest.
No target in view!
Magic restored.
You now have 53 gold pieces (gained 12).
There is an open door, spattered with blood here.
Things that are here:
a +0 quarterstaff; an orc corpse
Found an escape hatch in the floor.
Found a stone staircase leading up. 3 jackals come into view.
The jackal barks! x2
An orc comes into view. It is wielding a +0 dagger.
The jackal barely misses you.
You see here a +0 club.
You hit the jackal but do no damage. The jackal misses you.
You slash the jackal!
You kill the jackal!
Beogh accepts your kill.
You hit the jackal but do no damage. The jackal misses you.
You barely miss the jackal.
The jackal bites you but does no damage.
You barely miss the jackal. The jackal bites you.
The jackal closely misses you.
The orc shouts!
You hit the jackal but do no damage.
You hear a shout!
The jackal bites you but does no damage.
You hit the jackal but do no damage. The jackal barely misses you.
You slash the jackal!
You kill the jackal!
Beogh accepts your kill. The jackal bites you.
You hit the jackal.
The jackal is lightly wounded.
The jackal barely misses you.
You hit the jackal.
You kill the jackal!
Beogh accepts your kill.
An orc comes into view. It is wielding a +0 short sword.
You hit the orc.
The orc is severely wounded.
The orc barely misses you.
You barely miss the orc.
The orc is severely wounded.
The orc closely misses you.
You barely miss the orc.
The orc is severely wounded.
The orc closely misses you.
You hit the orc.
The orc is almost dead.
The orc misses you.
You hit the orc.
You kill the orc!
Beogh accepts your kill.
You hit the orc but do no damage. The orc hits you but does no damage.
You hit the orc.
The orc is heavily wounded.
The orc hits you but does no damage.
You hit the orc.
You kill the orc!
Beogh accepts your kill.
You swing at nothing.
Unknown command.
Items here: ))) [ †††.
Found a stone staircase leading up.
A ball python comes into view.
You slash the ball python!
You kill the ball python!
Beogh accepts your kill.
No target in view!
A scorpion comes into view.
You hit the scorpion but do no damage. You slash the scorpion!
The scorpion is heavily wounded.
The scorpion closely misses you. x2
You hit the scorpion.
The scorpion is heavily wounded.
The scorpion barely misses you.
You hit the scorpion.
The scorpion is severely wounded.
The scorpion completely misses you.
You hit the scorpion.
The scorpion is severely wounded.
The scorpion closely misses you.
You barely miss the scorpion.
The scorpion is severely wounded.
The scorpion misses you.
You hit the scorpion.
You kill the scorpion!
Beogh accepts your kill.
Your Fighting skill increases to level 6!
Your Invocations skill increases to level 3!
No target in view!
There is an open door here.
There is an open door here.
Things that are here:
a +0 hand axe; a +0 leather armour A kobold comes into view.
It is wielding a +0 dagger.
The kobold hits you with a +0 dagger.
You closely miss the kobold. You hit the kobold but do no damage.
The kobold misses you.
You hit the kobold.
You kill the kobold!
Beogh accepts your kill.
No target in view!
Done exploring.
Done exploring.
Search for what [Enter for "d:", or ? for help]? d: Unknown command.
Okay, then.
You start removing your armour.
You continue taking off your +2 robe of positive energy. x4
You finish taking off your +2 robe of positive energy.
You feel less protected from negative energy.
You start putting on your armour.
You continue putting on your +0 ring mail. x5
You finish putting on your +0 ring mail.
You start removing your armour.
You continue taking off your +0 ring mail. x4
You finish taking off your +0 ring mail.
You drop a +0 ring mail.
You drop a +0 chain mail.
You start putting on your armour.
You continue putting on your +0 leather armour of cold resistance. x4
You finish putting on your +0 leather armour of cold resistance.
You feel resistant to cold.
Unknown command.
You start removing your armour.
You continue taking off your +0 leather armour of cold resistance. x4
You finish taking off your +0 leather armour of cold resistance.
You feel less resistant to cold.
You start putting on your armour.
You continue putting on your +2 robe of positive energy. x5
You finish putting on your +2 robe of positive energy.
You feel more protected from negative energy.
Done exploring.
There is an entrance to Gouw's Magic Scroll Shop here.
There is a stone staircase leading down here.
j - a ring of protection from cold (right hand)
You climb downwards.
There is a stone staircase leading up here.
Found 2 javelins.
Found a club.
Found a scroll of noise.
You see here 2 javelins.
f - 2 javelins You now have 62 gold pieces (gained 9).
An adder comes into view.
The adder barely misses you.
You slash the adder!
The adder is heavily wounded.
The adder barely misses you.
You slash the adder!
You kill the adder!
Beogh accepts your kill.
No target in view!
n - 2 scrolls of noise (gained 1)
b - 2 scrolls of blinking (gained 1)
A phantom comes into view.
Found a stone staircase leading down.
The phantom moves out of view.
An ufetubus comes into view.
The ufetubus shouts!
The ufetubus misses you. The ufetubus barely misses you.
You hit the phantom but do no damage. You hit the ufetubus.
The phantom hits you but does no damage.
The ufetubus hits you but does no damage. x2
You hit the ufetubus.
You kill the ufetubus!
Beogh accepts your kill.
You hit the phantom. The phantom hits you!
The phantom blinks!
You blink.
You slash the phantom!
The phantom is heavily damaged.
The phantom hits you!
The phantom blinks!
You blink.
An orc comes into view. It is wielding a +0 hand axe.
Found a stone staircase leading up.
The orc shouts!
You hit the phantom.
The phantom is heavily damaged.
The phantom hits you but does no damage.
You hit the phantom.
The phantom is severely damaged.
The phantom hits you but does no damage.
You completely miss the phantom.
The phantom is severely damaged.
You hit the orc but do no damage. The orc hits you with a +0 hand axe.
The phantom hits you.
The phantom blinks!
You blink.
Found a knobbly jewelled staff.
You hit the phantom.
The phantom is almost destroyed.
You hit the orc. The orc hits you but does no damage.
The phantom barely misses you.
You hit the phantom.
You destroy the phantom!
Beogh accepts your kill.
You hit the orc but do no damage. You hit the orc but do no damage.
The orc is heavily wounded.
The orc barely misses you.
You slash the orc!
You kill the orc!
Beogh accepts your kill.
No target in view!
No target in view!
Things that are here:
a +0 hand axe; a +0 chain mail
There is a stone staircase leading up here.
You start resting.
HP restored.
You see here a staff of cold.
An adder comes into view.
The adder hisses angrily.
A jelly comes into view.
The adder moves out of view.
Found a stone staircase leading up.
The jelly quivers.
The adder bites you but does no damage.
You hit the adder.
The adder is lightly wounded.
The adder bites you but does no damage.
You slash the adder!
The adder is severely wounded.
The adder bites you.
You are poisoned.
The adder poisons you!
You hit the adder.
You kill the adder!
Beogh accepts your kill.
You feel sick.
Your Armour skill increases to level 1! 4 gnolls come into view.
Found a scroll of identify and 17 gold pieces.
You feel sick.
The gnoll shouts! x3
The jelly hits you but does no damage.
The gnoll moves out of view.
You see here an adder corpse.
You slash the jelly! The acid corrodes you!
Your hands burn!
The jelly is heavily wounded.
You feel sick. The jelly hits you. The acid corrodes you!
You are splashed with acid.
You hit the jelly. The acid corrodes you!
Your hands burn!
The jelly is heavily wounded.
You feel sick.
You are no longer poisoned.
The jelly barely misses you. The jelly attacks as it pursues you!
The jelly barely misses you.
A gnoll comes into view. It is wielding a +0 flail.
The gnoll shouts!
Things that are here:
a +0 hand axe; a +0 chain mail
There is a stone staircase leading up here.
You climb upwards.
There is a stone staircase leading down here.
You are no longer corroded.
HP restored.
There is a stone staircase leading down here.
You climb downwards.
There is a stone staircase leading up here.
h - an amulet of regeneration You start putting on your amulet.
You continue putting on your amulet of regeneration. x5
You finish putting on your amulet of regeneration.
The amulet throbs as it attunes itself to your uninjured body.
h - an amulet of regeneration (around neck) Unknown command.
t - a ring of willpower You're wearing all the rings you can.
Remove which one? (? for menu, Esc to cancel) < or
e - a ring of positive energy; > or
j - a ring of protection from cold You remove your ring of positive energy.
t - a ring of willpower (left hand)
Found a club.
Found a stone staircase leading down.
A hound comes into view.
The hound barks!
The hound barely misses you.
You closely miss the hound. The hound bites you.
You hit the hound.
The hound is moderately wounded.
The hound bites you.
You hit the hound.
The hound is moderately wounded.
The hound closely misses you. The hound bites you.
You hit the hound.
The hound is severely wounded.
The hound bites you but does no damage.
You barely miss the hound.
The hound is severely wounded.
The hound barely misses you.
You barely miss the hound.
The hound is severely wounded.
The hound misses you. The hound bites you.
You hit the hound.
The hound is almost dead.
The hound bites you but does no damage.
You hit the hound.
You kill the hound!
Beogh accepts your kill.
No target in view!
HP restored.
Found a tower shield.
Found a stone staircase leading down.
A worm comes into view.
You hit the worm but do no damage. You hit the worm but do no damage.
The worm misses you.
You hit the worm.
The worm is lightly wounded.
You hit the worm.
The worm is moderately wounded.
The worm bites you!
You hit the worm.
The worm is severely wounded.
You hit the worm.
The worm is severely wounded.
The worm bites you.
You hit the worm but do no damage.
The worm is severely wounded.
You hit the worm.
You kill the worm!
Beogh accepts your kill.
No target in view!
The jelly quivers.
You hit the jelly but do no damage. The acid corrodes you!
Your hands burn!
You hit the jelly but do no damage.
Your hands burn!
The jelly barely misses you.
You hit the jelly.
Your hands burn!
The jelly is lightly wounded.
The jelly hits you.
You are splashed with acid!
You hit the jelly.
Your hands burn!
The jelly is lightly wounded.
The jelly hits you. The acid corrodes you!
You are splashed with acid!
You hit the jelly but do no damage.
Your hands burn!
The jelly is lightly wounded.
The jelly hits you.
You are splashed with acid!
You are too injured to fight recklessly!
You are too injured to fight recklessly!
The jelly attacks as it pursues you! The jelly closely misses you.
The jelly attacks as it pursues you! The jelly barely misses you.
The jelly attacks as it pursues you! The jelly hits you. The acid corrodes you!
You are splashed with acid!
Unknown command.
You are confused.
You feel invigorated. The jelly misses you. The jelly closely misses you.
The jelly hits you. The acid corrodes you!
You are splashed with acid.
You feel less invigorated.
You feel less confused. The jelly hits you.
You are splashed with acid!
The jelly hits you.
You are splashed with acid.
The jelly hits you. The acid corrodes you!
You are splashed with acid!
The jelly closely misses you. The jelly hits you.
You are splashed with acid.
The jelly hits you. The acid corrodes you!
You are splashed with acid.
* * * LOW HITPOINT WARNING * * *
The jelly attacks as it pursues you! The jelly closely misses you.
The jelly attacks as it pursues you! The jelly misses you.
The jelly jiggles.
The jelly attacks as it pursues you! The jelly barely misses you.
The jelly attacks as it pursues you! The jelly hits you.
You are splashed with acid!
* * * LOW HITPOINT WARNING * * *
The jelly attacks as it pursues you! The jelly misses you.
The jelly attacks as it pursues you! The jelly hits you.
* * * LOW HITPOINT WARNING * * *
You are splashed with acid!
* * * LOW HITPOINT WARNING * * *
A hound comes into view.
The hound barks!
Okay, then.
Unknown command.
Press: ? - help, v - describe, . - travel
Here: a jelly (lightly wounded, haloed)
The floor.
Press: ? - help, v - describe, . - travel
Here: a jelly (lightly wounded, haloed)
The floor.
Blink to where?
Press: ? - help, Dir - move target A gnoll comes into view.
It is wielding a +0 spear.
As you read the scroll of blinking, it crumbles to dust.
The gnoll shouts!
You hear a shout! x2
A gnoll comes into view. It is wielding a +0 whip.
The gnoll shouts!
A gnoll comes into view. It is wielding a +0 flail.
The gnoll moves out of view.
A gnoll bouda comes into view. It is wielding a +0 club.
The gnoll bouda shouts!
The gnoll hits you from afar with a +0 spear.
* * * LOW HITPOINT WARNING * * *
The gnoll attacks as it pursues you!
The gnoll hits you from afar with a +0 spear!
You die...

Skill      XL: |  1  2  3  4  5  6  7 |
---------------+----------------------+-----
Fighting       | 4 5 6 |  6.1
Axes           | 5 7 8 |  8.7
Invocations    | 2 3 |  3.6
Armour         | 1 |  1.0
Dodging        | |  2.6

Action                     |  1- 3 |  4- 6 |  7- 9 || total
---------------------------+-------+-------+-------++-------
  Melee: Hand axe          |   120 |   110 |    83 ||   313
         Unarmed           |     8 |     7 |       ||    15
  Throw: Dart              |       |     5 |       ||     5
 Invoke: Convert to Beogh  |       |     1 |       ||     1
    Use: Potion            |     3 |       |     1 ||     4
         Scroll            |       |     7 |     1 ||     8
 Armour: Robe              |    35 |    55 |    52 ||   142
         Skin              |    17 |     5 |       ||    22
         Leather armour    |    13 |       |       ||    13
  Dodge: Dodged            |    68 |    45 |    46 ||   159

Levels and vault maps discovered:
D:1:      minmay_arrival_solitary_statue, layout_basic,
          hangedman_decor_peaks_small
D:2:      layout_basic, basic_altar, minmay_3d_cube, uniq_crazy_yiuf_cottage,
          uniq_sigmund
D:3:      layout_loops_cross, kennysheep_generic_room_15
D:4:      layout_basic, serial_shops, shop
D:5:      layout_loops_ring, fedhas_altar_decomposition, st_stairs_12,
          nicolae_kite_square_tiling_tiny

Notes
Turn   | Place    | Note
-------+----------+-------------------------------------------
     0 | D:1      | scionoferis the Hill Orc Monk began the quest for the Orb.
     0 | D:1      | Reached XP level 1. HP: 19/19 MP: 1/1
   167 | D:1      | Reached XP level 2. HP: 13/27 MP: 2/2
   430 | D:1      | Reached skill level 4 in Fighting
   624 | D:1      | Reached skill level 5 in Axes
   631 | D:1      | Reached XP level 3. HP: 32/33 MP: 3/3
  1106 | D:2      | Got a leatherbound book
  1454 | D:2      | Noticed Sigmund
  1491 | D:2      | Killed Sigmund
  1492 | D:2      | Reached skill level 5 in Fighting
  1492 | D:2      | Reached skill level 7 in Axes
  1492 | D:2      | Reached XP level 4. HP: 41/42 MP: 4/4
  1492 | D:2      | Reached XP level 5. HP: 47/48 MP: 5/5
  1588 | D:2      | Found a runed translucent door.
  1589 | D:2      | Noticed Crazy Yiuf
  1720 | D:2      | Found a broken altar of Ashenzari.
  2125 | D:3      | Reached XP level 6. HP: 56/56 MP: 6/6
  3009 | D:4      | Became a worshipper of Beogh the Brigand
  3009 | D:4      | Reached * piety under Beogh
  3009 | D:4      | Reached ** piety under Beogh
  3094 | D:4      | Reached skill level 1 in Invocations
  3181 | D:4      | Noticed a sky beast
  3309 | D:4      | Killed a sky beast
  3310 | D:4      | Reached skill level 8 in Axes
  3310 | D:4      | Reached skill level 2 in Invocations
  3310 | D:4      | Reached XP level 7. HP: 16/62 MP: 6/8
  3571 | D:4      | Found Gouw's Magic Scroll Shop.
  3574 | D:4      | Bought a scroll of enchant armour for 90 gold pieces
  3574 | D:4      | Bought a scroll of teleportation for 36 gold pieces
  3846 | D:4      | Reached skill level 6 in Fighting
  3846 | D:4      | Reached skill level 3 in Invocations
  3935 | D:5      | Entered Level 5 of the Dungeon
  4101 | D:5      | Reached skill level 1 in Armour
  4488 | D:5      | HP: 4/63 [acid (7)]
  4493 | D:5      | HP: 5/63 [gnoll/+0 spear[a gnoll bouda] (4)]
  4495 | D:5      | Slain by a gnoll

Vanquished Creatures
  Sigmund (D:2)
  A sky beast (D:4)
  A phantom (D:5)
  A scorpion (D:4)
  2 orc priests (D:4)
  A hound (D:5)
  An iguana (D:4)
  4 gnolls (D:4)
  6 adders (D:3 D:4 D:5)
  An ufetubus (D:5)
  3 worms (D:2 D:3 D:5)
  2 dart slugs (D:1 D:2)
  6 orcs (D:3 D:4 D:5)
  6 bats (D:1 D:2 D:3)
  3 endoplasms (D:1 D:2 D:4)
  3 giant cockroaches (D:1 D:3)
  5 hobgoblins (D:2 D:4)
  9 jackals (D:1 D:2 D:4)
  8 kobolds (D:1 D:2 D:3 D:4)
  6 quokkas (D:1 D:2 D:4)
  9 ball pythons (D:1 D:2 D:3 D:4)
  9 goblins (D:1 D:2 D:3 D:4)
  11 rats (D:1 D:2 D:3)
99 creatures vanquished.

Vanquished Creatures (others)
  An orc priest (D:4)
  5 orcs (D:4)
6 creatures vanquished.

Grand Total: 105 creatures vanquished

Table legend: (Time is in decaauts)
 A = Elapsed time spent in this place.
 B = Non-inter-level travel time spent in this place.
 C = Inter-level travel time spent in this place.
 D = Time resting spent in this place.
 E = Time spent auto-exploring this place.
 F = Levels seen in this place.
 G = Mean time per level.
                   A        B        C        D        E       F      G
               +--------+--------+--------+--------+--------+-----+--------+
         Total |   4477 |   4320 |    157 |    168 |   3103 |   5 |  895.4 |
       Dungeon |   4477 |   4320 |    157 |    168 |   3103 |   5 |  895.4 |
               +--------+--------+--------+--------+--------+-----+--------+

Top non-repeatable levels by time:
     D:4: 1209 daAuts
     D:1: 1030 daAuts
     D:2: 996 daAuts
     D:3: 726 daAuts
     D:5: 514 daAuts

Table legend:
 A = Non-vault XP
 B = Vault XP
 C = Vault XP percentage of total XP
 D = Non-vault monster count
 E = Vault monster count
 F = Vault count percentage of total count
                 A         B        C        D         E       F
            +---------+---------+-------+---------+---------+-------
      Total |     737 |     232 |  23.9 |      94 |       6 |   6.0
            +---------+---------+-------+---------+---------+-------
        D:1 |      41 |       0 |   0.0 |      25 |       0 |   0.0
        D:2 |      44 |     227 |  83.8 |      21 |       5 |  19.2
        D:3 |      53 |       0 |   0.0 |      15 |       0 |   0.0
        D:4 |     417 |       0 |   0.0 |      27 |       0 |   0.0
        D:5 |     182 |       5 |   2.7 |       6 |       1 |  14.3
            +---------+---------+-------+---------+---------+-------
